 Dungeon Crawl Stone Soup version 0.31-a0-210-gccc998df9b (webtiles) character file.

Game seed: 16725813411363505421

73262 Newt the Markskobold (level 15, -6/93 (96) HPs)
             Began as a Kobold Hunter on June 29, 2023.
             Was an Initiate of Gozag.
             Mangled by a white ugly thing (29 damage)
             ... on level 12 of the Dungeon.
             The game lasted 00:30:07 (27034 turns).

Newt the Markskobold (Kobold Hunter)               Turns: 27034, Time: 00:30:07

HP:   -6/93 (96)    AC: 25    Str:  9    XL:     15   Next: 89%
MP:   15/15         EV: 11    Int: 11    God:    Gozag
Gold: 891           SH:  9    Dex: 25    Spells: 14/14 levels left

rFire   + . .        S - +7 hand crossbow (drain)
rCold   . . .        D - +2 buckler
rNeg    . . .        U - +1 shadow dragon scales
rPois   .            k - +2 helmet
rElec   .            n - +0 cloak
rCorr   .            g - +3 pair of gauntlets of War {Slay+5}
SInv    +            (no boots)
Will    +....        (no amulet)
Stlth   +++++++      O - +4 ring of slaying
HPRegen 0.35/turn    z - ring of see invisible
MPRegen 0.14/turn

%: no passive effects
@: studying 2 skills, lightly drained
A: small, no large weapons, nightstalker 3, fire resistance 1, mutation
resistance 1
a: Renounce Religion, Potion Petition, Call Merchant, Bribe Branch


You were on level 12 of the Dungeon.
You worshipped Gozag.
Gozag was pleased with you.
You visited 4 branches of the dungeon, and saw 21 of its levels.
You also visited: Ossuary and Bailey.

You collected 6312 gold pieces.
You spent 5142 gold pieces at shops.
You paid 279 gold pieces to Gozag.

Inventory:

Hand Weapons
 a - a +7 shortbow
 y - a +0 orcbow of freezing
 F - the +6 orcbow of a wizard's laboratory {antimagic, rF+ Dex+4}
   (You took it off a centaur on level 9 of the Dungeon)

   Dex:       It affects your dexterity (+4).
   rF:        It protects you from fire.
 S - a +7 hand crossbow of draining (weapon)
Missiles
 p - 3 boomerangs of dispersal
 x - 7 throwing nets
Armour
 g - the +3 pair of gauntlets of War (worn) {Slay+5}
   (You found it on level 11 of the Dungeon)

   Slay:      It affects your accuracy & damage with ranged weapons and melee
   (+5).
 j - a +3 leather armour of cold resistance
 k - a +2 helmet (worn)
 n - a +0 cloak (worn)
 D - a +2 buckler (worn)
 G - +0 acid dragon scales
 L - a +0 pair of gloves
 U - +1 shadow dragon scales (worn)
Jewellery
 z - a ring of see invisible (right hand)
 A - a ring of willpower
 B - a ring of flight
 O - a +4 ring of slaying (left hand)
 Y - a ring of positive energy
Wands
 r - a wand of mindburst (16)
 w - a wand of charming (2)
 N - a wand of iceblast (3)
 P - a wand of polymorph (17)
 R - a wand of digging (7)
 T - a wand of flame (35)
Scrolls
 b - 3 scrolls of butterflies
 c - 2 scrolls of blinking
 h - 6 scrolls of teleportation
 t - a scroll of fear
 C - 2 scrolls of silence
 H - 7 scrolls of identify
 J - a scroll of amnesia
 V - 3 scrolls of revelation
 Z - a scroll of brand weapon
Potions
 d - 4 potions of brilliance
 e - 10 potions of curing
 f - 2 potions of mutation
 i - a potion of heal wounds
 l - 3 potions of haste
 m - a potion of degeneration
 o - 2 potions of cancellation
 q - a potion of berserk rage
 s - 2 potions of invisibility
 u - a potion of magic
 v - 4 potions of attraction
 E - a potion of might
 I - a potion of lignification
 Q - 2 potions of resistance
Miscellaneous
 X - a condenser vane


   Skills:
 - Level 12.0 Fighting
 - Level 19.3 Ranged Weapons
 - Level 8.0 Armour
 - Level 12.0 Dodging
 + Level 11.6 Stealth
 - Level 8.0 Shields
 - Level 12.0 Evocations


You had 14 spell levels left.
You didn't know any spells.
Your spell library contained the following spells:

 Spells                   Type           Power      Damage    Failure   Level
 Necrotise                Necr           0%         1d4       100%        1
 Slow                     Hex            0%         N/A       100%        1
 Sting                    Tmut/Pois      0%         1d3       100%        1
 Summon Small Mammal      Summ           0%         N/A       100%        1
 Poisonous Vapours        Pois/Air       0%         N/A       100%        2
 Call Canine Familiar     Summ           0%         N/A       100%        3
 Confusing Touch          Hex            0%         N/A       100%        3
 Dazzling Flash           Conj/Hex       0%         N/A       100%        3
 Summon Guardian Golem    Hex/Summ       0%         N/A       100%        3
 Vampiric Draining        Necr           0%         2d6       100%        3
 Vhi's Electric Charge    Tloc/Air       0%         N/A       100%        3
 Cause Fear               Hex            0%         N/A       100%        4
 Olgreb's Toxic Radiance  Pois           0%         N/A       100%        4
 Agony                    Necr           0%         N/A       100%        5
 Arcjolt                  Conj/Air       0%         1d10      100%        5
 Silence                  Hex/Air        0%         N/A       100%        5
 Summon Forest            Summ/Tloc      0%         N/A       100%        5
 Eringya's Noxious Bog    Tmut/Pois      0%         N/A       100%        6
 Dragon Form              Tmut           0%         N/A       100%        7
 Summon Hydra             Summ           0%         N/A       100%        7
 Maxwell's Capacitive Co  Air            0%         ∞         100%        8
 Chain Lightning          Conj/Air       0%         N/A       100%        9
 Dragon's Call            Summ           0%         N/A       100%        9
 Fire Storm               Conj/Fire      0%         5d1       100%        9
 Shatter                  Erth           0%         3d5*      100%        9


Dungeon Overview and Level Annotations

Branches:
Dungeon (13/15)            Temple (1/1) D:4            Lair (5/5) D:8
 Shoals (0/4) Lair:2       Spider (0/4) Lair:3        Slime (0/5) Lair:5
    Orc (2/2) D:9             Elf (0/3) Orc:2       Ossuary (visited)
 Bailey (visited)
 Vaults: D:13-14

Altars:
Ashenzari
Cheibriados
Dithmenos
Elyvilon
Fedhas
Gozag
Hepliaklqana
Kikubaaqudgha
Makhleb
Nemelex Xobeh
Okawaru
Qazlal
Ru
Sif Muna
Trog
Uskayaw
Vehumet
Wu Jian
Xom
Yredelemnul
Zin
The Shining One

Shops:
D:1 [(?   D:2 [   D:3 *   D:7 ?   D:8 (*(:   D:9 !   D:10 *   D:11 :
Orc:2 [*[(?

Portals:
Trove: D:11 (give 6 scrolls of fear)

Annotations:
D:12 Lodul
D:13 Josephine


Innate Abilities, Weirdness & Mutations

You are small and have problems with some larger weapons.
You are completely attuned to the shadows.
Your flesh is heat resistant. (rF+)
You are somewhat resistant to further mutation.


Message History

* * * LOW HITPOINT WARNING * * *
Unknown command.
You feel much better.
You block the white ugly thing's attack.
You block the wraith's attack.
The skeletal warrior hits you but does no damage.
The white ugly thing pecks you but does no damage.
Unknown command.
The wraith attacks as you move away! The wraith barely misses you.
You block the skeletal warrior's attack.
The skeletal warrior attacks as you move away!
You block the skeletal warrior's attack.
The white ugly thing attacks as you move away!
The white ugly thing pecks you but does no damage.
The skeletal warrior attacks as you move away!
You block the skeletal warrior's attack. x2
The white ugly thing attacks as you move away!
The white ugly thing pecks you but does no damage.
You feel yourself speed up.
The skeletal warrior attacks as you move away!
The skeletal warrior hits you with a +0 dire flail.
* * * LOW HITPOINT WARNING * * *
You shoot a bolt. The bolt hits the white ugly thing.
The white ugly thing is lightly wounded.
The white ugly thing barely misses you.
The white ugly thing closely misses you.
You shoot a bolt. The bolt hits the white ugly thing!!
You drain the white ugly thing.
The white ugly thing is heavily wounded.
You block the white ugly thing's attack.
The white ugly thing pecks you but does no damage.
You shoot a bolt.
The bolt completely misses the white ugly thing.
The bolt hits the troll!!
You drain the troll.
The troll is severely wounded.
The white ugly thing pecks you.
* * * LOW HITPOINT WARNING * * *
The white ugly thing freezes you!!
You die...
Your body crumbles into a pile of gold.

#. #. #.##
#..# #@#
#u#
######T####
#....Wz....
...........
#..........
#..........
#..........
#....
#..........


You could see a white ugly thing (drained), a skeletal warrior, a troll
(drained) and a wraith.

Vanquished Creatures
  An orc warlord (Bailey)
  4 hydras
  2 catoblepae
  2 ogre magi (Orc:2)
  A boulder beetle (D:12)
  3 two-headed ogres
  4 death yaks (Lair:5)
  A deep troll shaman (Lair:5)
  The ghost of lunkers the Stormcaller, a novice TeAE of Sif Muna (D:9)
  12 orc knights (Orc:2)
  A lindwurm (Lair:5)
  2 orc sorcerers (Orc:2)
  22 elephants
  2 black mambas
  8 cane toads
  3 rime drakes
  2 unseen horrors
  A kobold demonologist (D:11)
  Psyche (D:12)
  23 komodo dragons
  8 trolls
  4 polar bears
  A troll (shapeshifter) (D:13)
  26 blink frogs
  A culicivora (Lair:3)
  3 spriggans (D:9)
  A vampire (D:13)
  7 basilisks
  4 wraiths
  62 yaks
  4 wyverns
  A steam dragon (D:8)
  2 vampire mosquitoes (D:10)
  A redback (Lair:3)
  8 wargs
  14 water moccasins
  An acid dragon (D:9)
  55 orc warriors
  6 black bears
  2 sky beasts
  4 ogres
  15 wolves
  A centaur (D:9)
  A phantom (D:5)
  11 bullfrogs
  4 kobold brigands
  3 gnoll sergeants (D:9)
  A scorpion (D:4)
  11 wights
  6 killer bees (D:8)
  The ghost of Leavold the Shooter, a weakling DEHu (D:4)
  7 howler monkeys
  A lava snake (D:7)
  A hound (D:6)
  A jelly (D:5)
  17 orc priests
  Crazy Yiuf (D:3)
  2 gnoll boudas
  3 iguanas
  Terence (D:3)
  A sleepcap (D:8)
  40 orc wizards
  9 hell rats
  A mummy (Ossuary)
  33 gnolls
  8 adders
  3 white imps
  A worm (D:2)
  6 dart slugs
  113 orcs
  2 spectral bats (Ossuary)
  3 bats
  5 endoplasms
  2 giant cockroaches (D:1)
  10 goblins
  6 hobgoblins
  8 jackals
  37 kobolds
  A quokka (D:1)
  6 ball pythons
  3 bat simulacra (Ossuary)
  3 frilled lizards
  12 gnoll zombies (Ossuary)
  4 goblin simulacra (Ossuary)
  8 goblin zombies (Ossuary)
  3 hobgoblin zombies (Ossuary)
  4 kobold simulacra (Ossuary)
  4 kobold zombies (Ossuary)
  3 orc zombies (Ossuary)
  6 rats
  2 rat simulacra (Ossuary)
  5 spectral goblins (Ossuary)
  A spectral kobold (Ossuary)
  A spectral rat (Ossuary)
753 creatures vanquished.

Notes
Turn   | Place    | Note
-------+----------+-------------------------------------------
     0 | D:1      | Newt the Kobold Hunter began the quest for the Orb.
     0 | D:1      | Reached XP level 1. HP: 12/12 MP: 1/1
   106 | D:1      | Found Jyuz's Magic Scroll Shoppe.
   201 | D:1      | Reached XP level 2. HP: 19/19 MP: 2/2
   396 | D:1      | Reached XP level 3. HP: 18/23 MP: 3/3
   535 | D:1      | Found Naocs's Weapon Emporium.
   618 | D:1      | Found Epruepn's Armour Shoppe.
   954 | D:2      | Reached XP level 4. HP: 30/30 MP: 4/4
  1478 | D:2      | Found Wuemnis's Antique Armour Shoppe.
  1482 | D:2      | Bought a runed leather armour for 95 gold pieces
  2252 | D:3      | Found an ancient bone altar of Kikubaaqudgha.
  2258 | D:3      | Reached skill level 5 in Fighting
  2258 | D:3      | Reached XP level 5. HP: 35/35 MP: 5/5
  2262 | D:3      | Found a shimmering blue altar of Sif Muna.
  2271 | D:3      | Reached skill level 6 in Ranged Weapons
  2277 | D:3      | Got Sif Muna's Cyclopedia of the Flock
  2386 | D:3      | Found Comofusi's General Store.
  2601 | D:3      | Noticed Terence
  2607 | D:3      | Killed Terence
  2608 | D:3      | Reached skill level 7 in Ranged Weapons
  2697 | D:3      | Found a runed translucent door.
  3025 | D:3      | Found a radiant altar of Vehumet.
  3030 | D:3      | Reached XP level 6. HP: 40/40 MP: 6/6
  3157 | D:3      | Noticed Crazy Yiuf
  3167 | D:3      | Killed Crazy Yiuf
  3527 | D:4      | Reached skill level 8 in Ranged Weapons
  3645 | D:4      | You fall into a shaft and drop 1 floor!
  3645 | D:5      | Entered Level 5 of the Dungeon
  3709 | D:5      | Found a sand-covered staircase.
  3717 | Ossuary  | Entered an ossuary
  3922 | Ossuary  | Reached XP level 7. HP: 37/44 MP: 7/7
  4183 | D:5      | Reached skill level 9 in Ranged Weapons
  4511 | D:5      | Reached skill level 10 in Ranged Weapons
  4869 | D:5      | Reached XP level 8. HP: 49/49 MP: 8/8
  5278 | D:4      | Found a transporter.
  5279 | D:4      | Found a transporter.
  5406 | D:4      | Reached skill level 5 in Dodging
  5512 | D:4      | Found a staircase to the Ecumenical Temple.
  5613 | Temple   | Entered the Ecumenical Temple
  5982 | D:4      | Noticed Leavold's ghost (weakling DEHu)
  6573 | D:6      | Found a glowing golden altar of the Shining One.
  7178 | D:7      | Found Miynuehe's Magic Scroll Boutique.
  7181 | D:7      | Bought a scroll of identify for 30 gold pieces
  7181 | D:7      | Bought a scroll of enchant weapon for 112 gold pieces
  7184 | D:7      | Reached XP level 9. HP: 59/59 MP: 9/9
  7250 | D:7      | Found a flagged portal.
  7275 | D:7      | Reached skill level 11 in Ranged Weapons
  7294 | Bailey   | Entered a bailey
  7531 | Bailey   | Reached skill level 12 in Ranged Weapons
  7562 | Bailey   | Found a runed translucent gate.
  7564 | Bailey   | Found a runed translucent gate.
  7565 | Bailey   | Found a runed translucent gate.
  7610 | Bailey   | Noticed an orc warlord
  7722 | Bailey   | Killed an orc warlord
  7723 | Bailey   | Reached skill level 14 in Ranged Weapons
  7953 | Bailey   | Reached skill level 19 in Ranged Weapons
  7953 | Bailey   | Reached XP level 10. HP: 64/64 MP: 10/10
  8082 | D:7      | Reached skill level 1 in Evocations
  8082 | D:7      | Reached XP level 11. HP: 68/68 MP: 11/11
  9173 | D:8      | Found Ahiguguli's Weapon Shoppe.
  9290 | D:8      | Reached skill level 5 in Evocations
  9927 | D:8      | Found a staircase to the Lair.
 10102 | D:8      | Found Hafy's Assorted Antiques.
 10108 | D:8      | Bought an emerald ring for 125 gold pieces
 10108 | D:8      | Bought a scroll of identify for 50 gold pieces
 10232 | D:8      | Found a snail-covered altar of Cheibriados.
 10279 | D:8      | Found Buhopos's Book Shop.
 10298 | D:8      | Found Pupt's Weapon Shoppe.
 10443 | Lair:1   | Entered Level 1 of the Lair of Beasts
 11543 | D:9      | Identified the +6 orcbow of a wizard's laboratory
                  | {antimagic, rF+ Dex+4}
 11681 | D:9      | Reached XP level 12. HP: 73/73 MP: 4/12
 11810 | D:9      | Found Astru's Distillery.
 11933 | D:9      | Found a staircase to the Orcish Mines.
 12070 | D:9      | Noticed a two-headed ogre
 12077 | D:9      | Killed a two-headed ogre
 12174 | D:9      | Found a runed translucent door.
 12764 | D:9      | Noticed lunkers's ghost (novice TeAE)
 12769 | D:9      | Identified the +5 trident "Ivyufu" {elec, rF+ rC+ Dex+3}
 12794 | D:9      | Reached skill level 10 in Dodging
 12805 | D:9      | Killed lunkers's ghost
 13265 | D:10     | Entered Level 10 of the Dungeon
 13432 | D:10     | Found Zoujywaint's Elemental Accessories.
 13590 | Temple   | Became a worshipper of Gozag Ym Sagoz the Greedy
 14043 | Lair:1   | Reached skill level 10 in Fighting
 15052 | Lair:2   | Noticed a seven-headed hydra
 15059 | Lair:2   | Killed a seven-headed hydra
 15315 | Lair:2   | Reached XP level 13. HP: 33/86 MP: 4/13
 15347 | Lair:2   | Reached skill level 1 in Armour
 15689 | Lair:2   | Reached skill level 5 in Armour
 15996 | Lair:2   | Found a staircase to the Shoals.
 16406 | Lair:2   | Noticed a catoblepas
 16433 | Lair:2   | Killed a catoblepas
 17011 | D:3      | Bought a +4 ring of slaying for 936 gold pieces
 18068 | Lair:3   | Reached skill level 1 in Shields
 18370 | Lair:3   | Found a hole to the Spider Nest.
 18709 | Lair:4   | Reached XP level 14. HP: 85/92 MP: 14/14
 19170 | Lair:4   | Reached skill level 5 in Shields
 19865 | Lair:5   | Entered Level 5 of the Lair of Beasts
 20150 | Lair:5   | Gained mutation: Your flesh is heat resistant. (rF+)
                  | [potion of mutation]
 20150 | Lair:5   | Gained mutation: You are somewhat resistant to further
                  | mutation. [potion of mutation]
 21061 | Lair:5   | Reached skill level 10 in Evocations
 21188 | Lair:5   | Reached XP level 15. HP: 73/96 MP: 15/15
 21261 | Lair:5   | Found a staircase to the Slime Pits.
 21811 | Orc:1    | Entered Level 1 of the Orcish Mines
 21862 | Orc:2    | Entered Level 2 of the Orcish Mines
 22079 | Orc:2    | Found Kemeemy's Magic Scroll Shoppe.
 22101 | Orc:2    | Bought a scroll of brand weapon for 123 gold pieces
 22101 | Orc:2    | Bought a scroll of identify for 26 gold pieces
 22101 | Orc:2    | Bought a scroll of identify for 26 gold pieces
 22101 | Orc:2    | Bought a scroll of identify for 26 gold pieces
 22264 | Orc:2    | Found a staircase to the Elven Halls.
 22839 | Orc:2    | Found Repesken's Antique Weapon Shoppe.
 22970 | Orc:2    | Found Qiuruaj's Assorted Antiques.
 22973 | Orc:2    | Found Pifummi's Antique Armour Shop.
 23069 | Orc:2    | Reached skill level 5 in Stealth
 23701 | Orc:2    | Found Puwyem's Antique Armour Shop.
 23814 | Orc:2    | Bought glowing shadow dragon scales for 2324 gold pieces
 24640 | D:10     | Found a white marble altar of Elyvilon.
 24750 | D:10     | Found a hazy altar of Hepliaklqana.
 24800 | D:10     | Found a burning altar of Makhleb.
 24902 | D:10     | Found a sparkling altar of Nemelex Xobeh.
 25166 | D:11     | Found Utsont's Book Emporium.
 25171 | D:11     | Bought a manual of Stealth for 1120 gold pieces
 25287 | D:11     | Found the +3 pair of gauntlets of War {Slay+5}
 25685 | D:11     | Found a portal to a secret trove of treasure.
 26133 | D:1      | Bought a scroll of revelation for 97 gold pieces
 26133 | D:1      | Bought a scroll of fear for 52 gold pieces
 26197 | D:4      | Killed Leavold's ghost
 26497 | D:12     | Reached skill level 10 in Stealth
 26539 | D:12     | Found a sacrificial altar of Ru.
 26576 | D:12     | Noticed Lodul
 26592 | D:12     | Noticed Psyche
 26596 | D:12     | Killed Psyche
 27007 | D:13     | Noticed Josephine
 27034 | D:12     | Mangled by a white ugly thing

Illustrated notes

Levels and vault maps discovered:
D:1:      evilmike_arrival_rings, layout_loops_ring, serial_shops, shop,
          nicolae_shop_hallway_stairs, shop, minmay_tetromino_i4
D:2:      layout_basic, serial_shops, nicolae_shop_back_alley_shop
D:3:      layout_loops_ring, palyth_temple_overflow_mages, serial_shops, shop,
          uniq_terence, uniq_crazy_yiuf_cottage
D:4:      layout_cave_pools, minmay_temple_entry_antechambers,
          gammafunk_ghost_gnarly_gnolls, mrwooster_statue_mirror
D:5:      layout_gridville, nicolae_ossuary_entry_monument
D:6:      layout_loops_cross, nicolae_overflow_crystal_walls, st_stairs_6,
          uniq_grinder
D:7:      hellmonk_crumbling_castle, layout_cave_pools, serial_shops,
          nicolae_shop_real_fake_doors, enter_bailey_5,
          kennysheep_generic_room_4
D:8:      layout_basic, cheibriados_altar_1, erik_lair_dragon, serial_shops,
          nicolae_shop_bloodbath_and_beyond, nicolae_shop_hallway_stairs,
          kennysheep_mini, shop
D:9:      layout_roguey, erik_orc_4, ebering_ghost_funeral_grove, serial_shops,
          nicolae_shop_tiny_waterfront, corexii_hall_statues_u,
          minmay_quadrilaterals
D:10:     layout_rooms, nicolae_hepliaklqana_hazy_memory, bloody_makhleb,
          nemelex_diamond_rough_becter, elyvilon_altar_3, nicolae_elemental_shop
D:11:     layout_gridville, enter_trove_0, serial_shops, nicolae_shop_stone
D:12:     layout_roguey, serial_shops, nicolae_shop_pleasant_corner_grove,
          nicolae_ru_sacrificial_ziggurat, uniq_lodul, uniq_psyche
D:13:     layout_small_grid, david_vaults_1, uniq_nessos, uniq_josephine
Temple:   compressed_dpeg_triangle_lava_temple
Lair:1:   layout_roguey, chequers_serial_rivers_large_b,
          infiniplex_staircase_pool, grunt_megastairs_5
Lair:2:   layout_misc_corridors, shoals_dummy_entry, beast_lair_carwin_7
Lair:3:   layout_gridlike, spider_nest_entry_funnel_web, minivault_25
Lair:4:   layout_regular_city, infiniplex_staircase_pool_2
Lair:5:   grunt_lair_end_beastmaster, layout_hall_layers, slime_entry_1
Orc:1:    layout_diamond_mine
Orc:2:    st_orc_town, layout_diamond_mine, guppyfry_orc_lava_fort

Skill      XL: |  1  2  3  4  5  6  7  8  9 10 11 12 13 14 15 |
---------------+----------------------------------------------+-----
Fighting       | 3 4 5 8 12 | 12.0
Ranged Weapons | 7 8 10 19 | 19.3
Dodging        | 4 5 8 10 12 | 12.0
Evocations     | 1 8 10 12 | 12.0
Armour         | 8 |  8.0
Shields        | 2 8 |  8.0
Stealth        | 11 | 11.6

Action                     |  1- 3 |  4- 6 |  7- 9 | 10-12 | 13-15 || total
---------------------------+-------+-------+-------+-------+-------++-------
   Fire: Shortbow          |    86 |   163 |   385 |   363 |       ||   997
         Orcbow            |       |       |       |   295 |   269 ||   564
         Hand crossbow     |       |       |       |       |   802 ||   802
  Evoke: Wand              |       |       |     6 |       |       ||     6
    Use: Scroll            |     3 |     7 |    14 |     7 |    12 ||    43
         Potion            |       |     1 |     2 |     4 |     2 ||     9
 Armour: Leather armour    |    13 |    22 |    92 |    65 |    80 ||   272
         Shadow dragon sca |       |       |       |       |    80 ||    80
  Dodge: Dodged            |    42 |    30 |   164 |   239 |   436 ||   911
  Block: Buckler           |       |       |       |       |   198 ||   198

Table legend: (Time is in decaauts)
 A = Elapsed time spent in this place.
 B = Non-inter-level travel time spent in this place.
 C = Inter-level travel time spent in this place.
 D = Time resting spent in this place.
 E = Time spent auto-exploring this place.
 F = Levels seen in this place.
 G = Mean time per level.
                   A        B        C        D        E       F      G
               +--------+--------+--------+--------+--------+-----+--------+
         Total |  27015 |  24706 |   2309 |   4620 |  16339 |  23 | 1174.6 |
       Dungeon |  14947 |  12991 |   1956 |   2241 |   8948 |  13 | 1149.8 |
        Temple |    300 |    257 |     43 |      0 |    243 |   1 |  300.0 |
          Lair |   7898 |   7706 |    192 |   1839 |   4795 |   5 | 1579.6 |
  Orcish Mines |   2758 |   2641 |    117 |    250 |   1839 |   2 | 1379.0 |
       Ossuary |    445 |    445 |      0 |      0 |    264 |   1 |  445.0 |
        Bailey |    664 |    664 |      0 |    289 |    250 |   1 |  664.0 |
               +--------+--------+--------+--------+--------+-----+--------+

Top non-repeatable levels by time:
     D:8: 2343 daAuts
   Orc:2: 2029 daAuts
     D:9: 2009 daAuts
  Lair:2: 1928 daAuts
  Lair:1: 1853 daAuts
  Lair:5: 1839 daAuts
     D:5: 1377 daAuts
     D:2: 1257 daAuts
  Lair:4: 1218 daAuts
     D:4: 1174 daAuts
     D:3: 1170 daAuts
     D:6: 1151 daAuts
    D:11: 1132 daAuts
     D:7: 1099 daAuts
  Lair:3: 1058 daAuts
